 Dungeon Crawl Stone Soup version 0.28.0-1-gb440e238dd (webtiles) character file.

Game seed: 4080460351309442005

10721 lollipopguild the Cleaver (level 11, -7/102 HPs)
             Began as a Minotaur Berserker on Feb 19, 2022.
             Was an Elder of Trog.
             Mangled by a boulder beetle (18 damage)
             ... on level 11 of the Dungeon on Feb 20, 2022.
             The game lasted 00:50:00 (12737 turns).

lollipopguild the Cleaver (Minotaur Berserker)     Turns: 12737, Time: 00:50:02

Health: -7/102     AC: 15    Str: 27    XL:     11   Next: 39%
Magic:  10/10      EV: 10    Int:  4    God:    Trog [****..]
Gold:   554        SH:  0    Dex:  9    Spells: 10/10 levels left

rFire   x . .      SeeInvis +   q - +0 battleaxe
rCold   + . .      Faith    .   (shield currently unavailable)
rNeg    . . .      Spirit   .   D - +0 plate armour
rPois   .          Reflect  .   (helmet restricted)
rElec   .          Harm     .   (no cloak)
rCorr   .          Rampage  .   (no gloves)
Will    .....                   (no boots)
Stlth   ..........              C - amulet of regeneration
HPRegen 1.07/turn               p - ring of see invisible
MPRegen 0.12/turn               B - ring of ice

@: on berserk cooldown, slowed, very slow
A: horns 2, retaliatory headbutt
a: Renounce Religion, Berserk, Trog's Hand, Brothers in Arms


You were on level 11 of the Dungeon.
You worshipped Trog.
Trog was greatly pleased with you.
You visited 1 branch of the dungeon, and saw 11 of its levels.
You also visited: Sewer.

You collected 590 gold pieces.
You spent 36 gold pieces at shops.

Inventory:

Hand Weapons
 a - a +0 hand axe
 q - a +0 battleaxe (weapon)
Missiles
 h - 3 throwing nets
 n - 15 poisoned darts
 w - 10 boomerangs
Armour
 k - a +1 chain mail of cold resistance
 D - a +0 plate armour (worn)
Jewellery
 p - a ring of see invisible (left hand)
 B - a ring of ice (right hand)
 C - an amulet of regeneration (around neck)
 G - a +4 ring of evasion
Wands
 l - a wand of polymorph (5)
 y - a wand of flame (42)
 E - a wand of mindburst (9) (quivered)
 F - a wand of charming (14)
Scrolls
 c - 2 scrolls of summoning
 e - 2 scrolls of identify
 g - a scroll of holy word
 o - a scroll of torment
 s - 2 scrolls of magic mapping
 t - a scroll of enchant weapon
 v - 2 scrolls of fog
 H - a scroll of immolation {unknown}
Potions
 b - 10 potions of curing
 d - 2 potions of haste {unknown}
 f - 3 potions of lignification {unknown}
 i - 3 potions of attraction {unknown}
 j - 3 potions of might {unknown}
 m - 4 potions of mutation
 r - 4 potions of brilliance {unknown}
 u - a potion of heal wounds {unknown}
 x - 2 potions of flight {unknown}
 z - a potion of resistance {unknown}
 A - 14 potions of degeneration


   Skills:
 + Level 11.4 Fighting
 * Level 13.0 Axes
 + Level 11.1 Armour
 - Level 8.4 Dodging


You had 10 spell levels left.
You didn't know any spells.
Your spell library was empty.

Dungeon Overview and Level Annotations

Branches:
Dungeon (11/15)            Temple (0/1) D:6            Lair (0/6) D:8
    Orc (0/2) D:10          Sewer (visited)

Altars:
Ashenzari
Hepliaklqana
Nemelex Xobeh
Vehumet
Wu Jian
Xom

Shops:
D:3 !   D:10 *

Annotations:
D:5 2 runed translucent doors
D:8 Erica, Harold


Innate Abilities, Weirdness & Mutations

You have a pair of horns on your head.
You reflexively headbutt those who attack you in melee.


Message History

You slice the boulder beetle!!
You headbutt the boulder beetle, but do no damage.
The boulder beetle is moderately wounded.
The boulder beetle hits you!!
The boulder beetle stops rolling and uncurls.
The boulder beetle bites you!
You hit the boulder beetle.
The boulder beetle is moderately wounded.
The boulder beetle barely misses you. You furiously retaliate!
You headbutt the boulder beetle, but do no damage.
You hit the boulder beetle but do no damage.
The boulder beetle is moderately wounded.
The boulder beetle bites you but does no damage.
The boulder beetle bites you!
You barely miss the boulder beetle.
Your headbutt misses the boulder beetle.
The boulder beetle is moderately wounded.
The boulder beetle bites you but does no damage.
You hit the boulder beetle but do no damage.
The boulder beetle is moderately wounded.
The boulder beetle closely misses you. You furiously retaliate!
You headbutt the boulder beetle, but do no damage.
The boulder beetle bites you but does no damage.
You slice the boulder beetle!!
The boulder beetle is heavily wounded.
The boulder beetle barely misses you. You furiously retaliate!
You headbutt the boulder beetle, but do no damage.
The boulder beetle bites you.
You slash the boulder beetle!
The boulder beetle is severely wounded.
The boulder beetle bites you!
* * * LOW HITPOINT WARNING * * *
You're still recovering from your berserk rage.
You hit the boulder beetle but do no damage.
You headbutt the boulder beetle, but do no damage.
The boulder beetle is severely wounded.
The boulder beetle bites you!
* * * LOW HITPOINT WARNING * * *
The boulder beetle bites you!!
You die...

##### #### #### #.... ...
(.# #.... ###.###.# #....
#.....#.### #....
..#..>..#...#########....
........@B..)..........##
..#.....#..............#.
#.....#.....)........#.
###.###......######..#.
.... ........# #..#.
...####^.....# #..#.
..............# #..#.
####..........######..#.
#....<.............#.


You could see a boulder beetle.

Vanquished Creatures
  3 two-headed ogres
  Nergalle (D:10)
  A wizard (D:9)
  2 manticores (D:11)
  2 centaur zombies
  A hornet (D:10)
  3 trolls (D:10)
  A shadow (D:10)
  A wyvern (D:9)
  A wraith (D:8)
  11 yaks
  2 steam dragons (D:10)
  2 water moccasins
  3 orc warriors
  A swamp drake (D:10)
  A sky beast (D:7)
  2 ice beasts (D:6)
  A necrophage (D:5)
  3 ogres
  2 centaurs
  A kobold brigand (D:9)
  2 bullfrogs (Sewer)
  A water moccasin skeleton (D:6)
  10 killer bees
  A wight (D:8)
  A jelly (D:6)
  5 orc priests
  3 gnoll shamans
  A bullfrog skeleton (D:6)
  2 hounds (D:5)
  5 centaur skeletons
  Terence (D:2)
  4 iguanas
  12 orc wizards
  A howler monkey zombie (D:5)
  9 gnolls
  2 river rats (Sewer)
  15 adders
  A shadow imp (D:6)
  2 ufetubi
  3 worms
  5 dart slugs
  35 orcs
  9 endoplasms
  3 giant cockroaches
  7 goblins
  7 hobgoblins
  6 jackals
  10 kobolds
  7 quokkas
  19 ball pythons
  2 bats
  8 frilled lizards
  34 rats
278 creatures vanquished.

Vanquished Creatures (collateral kills)
  Menkaure (D:4)
1 creature vanquished.

Vanquished Creatures (others)
  14 plants
14 creatures vanquished.

Grand Total: 293 creatures vanquished

Notes
Turn   | Place    | Note
-------+----------+-------------------------------------------
     0 | D:1      | lollipopguild the Minotaur Berserker began the quest for
                  | the Orb.
     0 | D:1      | Reached XP level 1. HP: 19/19 MP: 0/0
   314 | D:1      | Reached XP level 2. HP: 22/27 MP: 1/1
   599 | D:1      | Found a faded altar of an unknown god.
   792 | D:1      | Reached skill level 4 in Axes
  1064 | D:2      | Reached XP level 3. HP: 25/33 MP: 2/2
  1476 | D:2      | Noticed Terence
  1483 | D:2      | Killed Terence
  1484 | D:2      | Reached XP level 4. HP: 41/41 MP: 3/3
  1831 | D:2      | Reached ** piety under Trog
  2389 | D:3      | Found Piheoqof's Distillery.
  2546 | D:3      | Found a glowing drain.
  2550 | Sewer    | Entered a sewer
  2631 | Sewer    | Reached XP level 5. HP: 46/47 MP: 4/4
  2633 | Sewer    | Reached *** piety under Trog
  3023 | Sewer    | Reached skill level 5 in Axes
  3039 | Sewer    | Reached skill level 5 in Fighting
  3048 | Sewer    | Reached XP level 6. HP: 29/56 MP: 5/5
  3443 | D:3      | Bought a potion of curing for 36 gold pieces
  3535 | D:3      | Found an ornate altar of the Wu Jian Council.
  3535 | D:3      | Found a sparkling altar of Nemelex Xobeh.
  3582 | D:3      | Reached **** piety under Trog
  4422 | D:4      | Noticed Menkaure
  4721 | D:4      | Killed Menkaure
  4722 | D:4      | Reached skill level 5 in Armour
  4722 | D:4      | Reached XP level 7. HP: 53/62 MP: 6/6
  4795 | D:4      | Reached skill level 6 in Axes
  4848 | D:4      | Found a radiant altar of Vehumet.
  5512 | D:5      | Entered Level 5 of the Dungeon
  5544 | D:5      | Reached skill level 5 in Dodging
  5592 | D:5      | Found a large runed translucent door.
  5593 | D:5      | Found a large runed translucent door.
  5843 | D:5      | Found a hazy altar of Hepliaklqana.
  6480 | D:5      | Found a broken altar of Ashenzari.
  6618 | D:5      | Reached XP level 8. HP: 70/71 MP: 7/7
  6878 | D:6      | Found a staircase to the Ecumenical Temple.
  6975 | D:6      | Reached skill level 7 in Axes
  8095 | D:6      | Reached skill level 8 in Axes
  8095 | D:6      | Reached XP level 9. HP: 75/81 MP: 8/8
  9591 | D:8      | Noticed Harold
  9604 | D:8      | Noticed Erica
  9611 | D:8      | Found a staircase to the Lair.
  9611 | D:8      | Noticed a troll
  9619 | D:9      | Noticed a wizard
  9644 | D:9      | Noticed a two-headed ogre
  9650 | D:9      | HP: 4/82 [poisoned by a killer bee]
  9726 | D:9      | Killed a two-headed ogre
  9727 | D:9      | Reached skill level 9 in Axes
 10016 | D:9      | Killed a wizard
 10093 | D:9      | Reached XP level 10. HP: 78/91 MP: 9/9
 10565 | D:9      | Found a shimmering altar of Xom.
 11040 | D:10     | Entered Level 10 of the Dungeon
 11190 | D:10     | Found Plog's Assorted Antiques.
 11240 | D:10     | Found a flagged portal.
 11395 | D:10     | Noticed Nergalle
 11410 | D:10     | Noticed a spectral orc warlord
 11412 | D:10     | Killed Nergalle
 11413 | D:10     | Reached skill level 10 in Axes
 11528 | D:10     | Reached skill level 10 in Fighting
 11728 | D:10     | Reached skill level 10 in Armour
 11729 | D:10     | Reached skill level 11 in Axes
 12285 | D:10     | Reached XP level 11. HP: 94/101 MP: 10/10
 12314 | D:10     | Found a staircase to the Orcish Mines.
 12474 | D:10     | Reached skill level 12 in Axes
 12709 | D:11     | Noticed a two-headed ogre
 12709 | D:11     | Noticed a two-headed ogre
 12713 | D:11     | Noticed a boulder beetle
 12716 | D:11     | Killed a two-headed ogre
 12722 | D:11     | Killed a two-headed ogre
 12723 | D:11     | Reached skill level 13 in Axes
 12737 | D:11     | Mangled by a boulder beetle

Illustrated notes

Levels and vault maps discovered:
D:1:      roderic_chinese_lattice_arrival, layout_loops_ring,
          hellmonk_ecumenical_altar_crossroads
D:2:      layout_basic, grunt_ministairs_6, minmay_cut_off, uniq_terence
D:3:      minmay_chambers_of_threes, layout_rooms,
          nicolae_overflow_hidden_temple, serial_shops, nicolae_shop_waterfront,
          gup_sewer_entry_spiral
D:4:      minmay_evil_eye, layout_cave_pools, vehumet_altar_wand_db,
          uniq_menkaure
D:5:      cheibrodos_two_vegetables, layout_loops_ring,
          mainiacjoe_overflow_surrounded_room, ashenzari_altar_1,
          jmf_multi_god_temple2
D:6:      layout_layer_cave, minmay_temple_entry_overgrown
D:7:      layout_cave_pods
D:8:      layout_cave_pools, erik_lair_island, uniq_prince_ribbit1, uniq_harold,
          uniq_erica
D:9:      layout_irregular_city, mainiacjoe_overflow_brackets,
          serial_column_ruins, column_ruins_open_tiny, column_ruins_open_small,
          column_ruins_columns_corner, column_ruins_open_small,
          column_ruins_columns_straight, column_ruins_open_small_water,
          column_ruins_open_tiny
D:10:     minmay_skewed_foursquare, layout_rooms, tso_altar, erik_orc_1,
          serial_shops, nicolae_shop_statue_plus, enter_bailey_8,
          nicolae_elevator_lobby_asterisk, uniq_nergalle
D:11:     layout_irregular_city, serial_bayou, serial_bayou_lagoon_a,
          serial_bayou_pond_e, serial_bayou_pond_b, serial_bayou_pond_c,
          st_stairs_3

Skill      XL: |  1  2  3  4  5  6  7  8  9 10 11 |
---------------+----------------------------------+-----
Fighting       | 4 5 6 8 9 10 11 | 11.4
Axes           | 4 5 6 8 9 11 13 | 13.0
Armour         | 3 4 5 6 7 9 10 11 | 11.1
Dodging        | 3 4 5 6 8 |  8.4

Action                   |  1- 3 |  4- 6 |  7- 9 | 10-12 || total
-------------------------+-------+-------+-------+-------++-------
Melee: Hand axe          |    51 |   229 |   307 |    48 ||   635
       Headbutt          |     7 |    24 |    61 |    40 ||   132
       Punch             |     1 |       |       |       ||     1
       Battleaxe         |       |       |       |   150 ||   150
Throw: Dart              |       |     7 |     5 |     3 ||    15
Invok: Berserk           |     1 |     3 |     5 |     6 ||    15
       Trog's Hand       |       |     1 |     4 |     4 ||     9
       Brothers in Arms  |       |     1 |       |       ||     1
Evoke: Wand              |       |       |     3 |     6 ||     9
  Use: Scroll            |       |     7 |    10 |       ||    17
       Potion            |       |       |     1 |       ||     1
 Stab: Distracted        |       |     1 |       |       ||     1
Armor: Leather armour    |     6 |       |       |       ||     6
       Scale mail        |     6 |       |       |       ||     6
       Chain mail        |       |   150 |    62 |       ||   212
       Plate armour      |       |       |   115 |   114 ||   229
Dodge: Dodged            |    35 |   111 |   146 |   117 ||   409
Block: Buckler           |     4 |    26 |    31 |     6 ||    67
